 Dungeon Crawl Stone Soup version 0.15.2 (webtiles) character file.

203 Huymann the Magician (level 5, -3/31 HPs)
             Began as a High Elf Fire Elementalist on Mar 17, 2015.
             Slain by an ogre
             ... wielding a +0 giant club
              (7 damage)
             ... on Level 4 of the Dungeon on Mar 18, 2015.
             The game lasted 00:24:35 (3564 turns).

Huymann the Magician (High Elf Fire Elementalist)   Turns: 3564, Time: 00:24:36

HP  -3/31        AC  5     Str  7      XL: 5   Next: 51%
MP  12/16        EV 13     Int 19      God:
Gold 159         SH  0     Dex 16      Spells:  4 memorised,  3 levels left

rFire  . . .     SeeInvis .     p - +2 dagger (holy)
rCold  . . .     Clarity  .     a - +1 robe
rNeg   . . .     rCorr    .     (no shield)
rPois  .         rRot     .     w - +0 hat
rElec  .         Spirit   .     s - +0 cloak
SustAb .         Warding  .     D - +0 pair of gloves
rMut   .         Stasis   .     (no boots)
Gourm  .                        (no amulet)
MR     .....                    (no ring)
                                (no ring)

@: not resistant to hostile enchantments, unstealthy
A: no striking features
a: no special abilities


You were on level 4 of the Dungeon.
You were hungry.

You visited 1 branch of the dungeon, and saw 4 of its levels.

You collected 159 gold pieces.

Inventory:

Hand weapons
 d - a +0 dagger
 p - a +2 dagger of holy wrath (weapon)
Missiles
 i - 16 arrows of frost
 k - 19 silver bolts
 o - 29 arrows
 y - 22 bolts of flame
 z - 16 poisoned needles
Armour
 a - a +1 robe (worn)
 s - a +0 cloak (worn)
 w - a +0 hat (worn)
 D - a +0 pair of gloves (worn)
Comestibles
 c - a bread ration
 u - a meat ration
 C - a slice of pizza
Scrolls
 h - a scroll of recharging
 j - 3 scrolls of remove curse
 m - 2 scrolls of enchant armour
 q - a scroll of teleportation
Potions
 e - 4 potions of heal wounds {unknown}
 f - 5 potions of curing {unknown}
 g - a potion of mutation {unknown}
 l - a potion of flight {unknown}
 v - a potion of cancellation {unknown}
 x - a potion of restore abilities {unknown}
 A - a potion of agility {unknown}
Books
 b - a book of Flames

   Spells                             Type                      Level
   *Flame Tongue                      Conjuration/Fire             1
   *Throw Flame                       Conjuration/Fire             2
   *Conjure Flame                     Conjuration/Fire             3
   *Inner Flame                       Hexes/Fire                   3
   Sticky Flame                       Conjuration/Fire             4
   Fireball                           Conjuration/Fire             5


   Skills:
 + Level 0.2 Fighting
 * Level 2.9 Dodging
 * Level 3.1 Stealth
 * Level 4.3 Spellcasting
 * Level 3.2 Conjurations
 + Level 3.5 Fire Magic


You had 3 spell levels left.
You knew the following spells:

 Your Spells              Type           Power        Failure   Level  Hunger
a - Flame Tongue          Conj/Fire      ###..        4%          1    None
b - Throw Flame           Conj/Fire      ###...       8%          2    #......
c - Conjure Flame         Conj/Fire      ###.....     12%         3    ###....
d - Inner Flame           Hex/Fire       ##......     21%         3    ###....


Dungeon Overview and Level Annotations

Branches:
Dungeon (4/15)
 Temple: D:4-7

Altars:
Nemelex Xobeh


Message History

Things that are here:
a club; the goblin corpse of Ijyb
There is a stone staircase leading up here.
Things that are here:
a club; the goblin corpse of Ijyb
There is a stone staircase leading up here.
Things that are here:
a club; the goblin corpse of Ijyb
There is a stone staircase leading up here.
Things that are here:
a club; the goblin corpse of Ijyb
There is a stone staircase leading up here.
The ogre hits you with a giant club!!
Ouch! That really hurt!
* * * LOW HITPOINT WARNING * * *
Things that are here:
a club; the goblin corpse of Ijyb
There is a stone staircase leading up here.
The ogre hits you with a giant club!
You die...

### ##..## #######....#
#....##....# #....# ....#
#....# ....# ###....# #..#
#.#....###..# #.....@.....#
..+ ##....O.....# ..#
#..........# ..#
#..........# ..#
##.........# ..# ####
##........# .g# #...##
#..#.....##
..##.....#####..#.....>##
..#ยงยง.....#.##..####....#


You could see an ogre.

Vanquished Creatures
  A hound (D:4)
  A worker ant (D:4)
  Ijyb (D:4)
  A hound skeleton (D:4)
  An adder (D:2)
  A giant mite (D:2)
  3 worms
  2 giant geckos
  An ooze (D:2)
  6 orcs (D:3)
  5 bats
  7 giant cockroaches
  9 hobgoblins
  5 kobolds
  2 quokkas (D:2)
  3 ball pythons
  7 giant newts
  13 goblins
  4 rats
73 creatures vanquished.

Notes
Turn   | Place    | Note
--------------------------------------------------------------
     0 | D:1      | Huymann, the High Elf Fire Elementalist, began the quest for the Orb.
     0 | D:1      | Reached XP level 1. HP: 11/11 MP: 4/4
   283 | D:1      | Reached XP level 2. HP: 17/17 MP: 4/6
   953 | D:1      | Reached XP level 3. HP: 21/21 MP: 3/9
  1208 | D:1      | Learned a level 2 spell: Throw Flame
  1212 | D:1      | Learned a level 3 spell: Conjure Flame
  2063 | D:2      | Reached XP level 4. HP: 27/27 MP: 1/13
  2769 | D:3      | Found a sparkling altar of Nemelex Xobeh.
  3169 | D:4      | Reached XP level 5. HP: 18/31 MP: 8/15
  3279 | D:4      | Learned a level 3 spell: Inner Flame
  3419 | D:4      | Reached skill level 4 in Spellcasting
  3464 | D:4      | Noticed Ijyb
  3468 | D:4      | Noticed an ogre
  3553 | D:4      | Killed Ijyb
  3564 | D:4      | Slain by an ogre

Action                   |  1- 3 |  4- 6 || total
-------------------------+-------+-------++-------
Melee: Dagger            |    39 |    31 ||    70
 Cast: Flame Tongue      |    79 |    54 ||   133
       Conjure Flame     |     2 |     3 ||     5
       Throw Flame       |       |     1 ||     1
       Inner Flame       |       |     1 ||     1
  Use: Scroll            |       |     8 ||     8
 Stab: Sleeping          |     2 |     1 ||     3
  Eat: Chunk             |     3 |     5 ||     8
